 Dungeon Sprint DCSS version 0.27.1-1-g398f81649c (webtiles) character file.

Game seed: 996305423237218232

592 styxcanada the Unseen (level 7, -5/38 HPs)
             Began as a Spriggan Brigand on Sept 5, 2021.
             Was an Initiate of Gozag.
             Slain by a sea snake (8 damage)
             ... in the Dungeon (Sprint VII: "The Pits").
             The game lasted 00:04:55 (825 turns).

styxcanada the Unseen (Spriggan Brigand)             Turns: 825, Time: 00:04:57

Health: -5/38      AC:  3    Str:  7    XL:     7   Next: 16%
Magic:  8/8        EV: 22    Int: 12    God:    Gozag
Gold:   927        SH:  0    Dex: 19    Spells: 6/6 levels left

rFire    . . .     SeeInvis +   s - +4 dagger (drain)
rCold    . . .     Faith    .   (shield restricted)
rNeg     . . .     Spirit   .   b - +0 robe
rPois    .         Reflect  .   (helmet restricted)
rElec    .         Harm     .   c - +0 cloak
rCorr    .         Rampage  .   (gloves unavailable)
Will     +....     NoTele   +   (boots unavailable)
Stlth    +++++++...             (no amulet)
HPRegen  0.12/turn              (no ring)
MPRegen  0.11/turn              (no ring)

@: lethally poisoned (-5 -> -75), gold aura, very quick
A: very small, no large weapons, unfitting armour, see invisible, speed 3
a: Renounce Religion, Potion Petition, Call Merchant, Bribe Branch


You were in the Dungeon.
You worshipped Gozag.
Gozag was pleased with you.
You visited 1 branch You collected 927 gold pieces.

Inventory:

Hand Weapons
 a - a +2 dagger
 p - a +2 falchion of protection
 q - a +2 mace of protection
 r - a +2 long sword of holy wrath
 s - a +4 dagger of draining (weapon)
Missiles
 d - 7 poisoned darts (quivered)
 m - 10 stones
Armour
 b - a +0 robe (worn)
 c - a +0 cloak (worn)
Scrolls
 k - a scroll of blinking
 n - 5 scrolls of amnesia
 o - a scroll of summoning
Potions
 f - 6 potions of curing
 g - 5 potions of heal wounds
 h - a potion of haste
 i - 4 potions of magic
 j - 3 potions of berserk rage
 l - 2 potions of invisibility


   Skills:
 * Level 4.5 Fighting
 + Level 6.0(6.1) Short Blades
 + Level 1.2(3.1) Long Blades
 + Level 4.4 Throwing
 * Level 6.9 Dodging
 * Level 17.6 Stealth


You had 6 spell levels left.
You didn't know any spells.
Your spell library was empty.

Dungeon Overview and Level Annotations

Branches:
Dungeon (1/1)

Altars:
Ashenzari
Cheibriados
Dithmenos
Elyvilon
Fedhas
Gozag
Hepliaklqana
Kikubaaqudgha
Makhleb
Nemelex Xobeh
Okawaru
Qazlal
Ru
Sif Muna
Trog
Uskayaw
Vehumet
Wu Jian
Xom
Yredelemnul
Zin
The Shining One
Beogh
Jiyva
Lugonu


Innate Abilities, Weirdness & Mutations

You are very small and have problems with some larger weapons.
You are too small for most types of armour.
You have supernaturally acute eyesight. (SInv)
You cover ground extremely quickly. (Speed+++)


Message History

You now have 639 gold pieces (gained 45).
You now have 693 gold pieces (gained 54).
You now have enough gold to fund merchants seeking to open stores in the dungeon.
You now have 855 gold pieces (gained 162).
You now have 882 gold pieces (gained 27).
d - 6 poisoned darts (gained 1)
d - 7 poisoned darts (gained 1)
You start resting.
HP restored.
You open the door.
A bullfrog comes into view.
There is an open door here.
The helpless bullfrog fails to defend itself.
You skewer the bullfrog like a kebab!!!!
You kill the bullfrog!
Your Short Blades skill increases to level 6!
You now have 927 gold pieces (gained 45).
You open the door.
A sea snake comes into view.
The sea snake hisses angrily.
The sea snake bites you!
There is an open door, spattered with blood here.
You hit the sea snake. You drain the sea snake.
The sea snake is lightly wounded.
The sea snake bites you.
You are lethally poisoned!
The sea snake poisons you!
You hit the sea snake.
The sea snake is lightly wounded.
You feel very sick. The sea snake bites you.
You are more poisoned.
The sea snake poisons you!
You hit the sea snake. You drain the sea snake.
The sea snake is moderately wounded.
* * * LOW HITPOINT WARNING * * *
You feel extremely sick. The sea snake bites you!
You die...
Your body crumbles into a pile of gold.

#.#........##.......#
#.#........##.......#
#'###########.......#
#.......# #########
#.......# #...#...#
#..###..#+#
#...#...#S+
#.......#@#
#.......'.#
###########


You could see a sea snake (drained).

Vanquished Creatures
  A floating eye (D)
  A sky beast (D)
  2 necrophages (D)
  2 wolves (D)
  A bullfrog (D)
  A worm (D)
  A ball python (D)
  2 bats (D)
  A giant cockroach (D)
  A kobold (D)
  A quokka (D)
  2 rats (D)
16 creatures vanquished.

Notes
Turn   | Place    | Note
-------+----------+-------------------------------------------
     0 | D        | styxcanada the Spriggan Brigand began the quest for the
                  | Orb.
     0 | D        | Reached XP level 1. HP: 10/10 MP: 2/2
    13 | D        | Reached skill level 6 in Stealth
    16 | D        | Found a bloodstained altar of Trog.
    16 | D        | Found a shimmering blue altar of Sif Muna.
    16 | D        | Found a viscous altar of Jiyva.
    16 | D        | Found a hazy altar of Hepliaklqana.
    16 | D        | Found an opulent altar of Gozag.
    17 | D        | Found a glowing golden altar of the Shining One.
    17 | D        | Found a glowing silver altar of Zin.
    17 | D        | Found a basalt altar of Yredelemnul.
    17 | D        | Found a shimmering altar of Xom.
    17 | D        | Found an ornate altar of the Wu Jian Council.
    17 | D        | Found a sacrificial altar of Ru.
    17 | D        | Found a stormy altar of Qazlal.
    17 | D        | Found an iron altar of Okawaru.
    17 | D        | Found a sparkling altar of Nemelex Xobeh.
    17 | D        | Found a burning altar of Makhleb.
    17 | D        | Found a blossoming altar of Fedhas.
    17 | D        | Found a white marble altar of Elyvilon.
    17 | D        | Found a shadowy altar of Dithmenos.
    17 | D        | Found a snail-covered altar of Cheibriados.
    18 | D        | Found a radiant altar of Vehumet.
    18 | D        | Found a corrupted altar of Lugonu.
    19 | D        | Found an ancient bone altar of Kikubaaqudgha.
    19 | D        | Found a hide-covered altar of Uskayaw.
    19 | D        | Found a broken altar of Ashenzari.
    21 | D        | Became a worshipper of Gozag Ym Sagoz the Greedy
    60 | D        | Reached skill level 7 in Stealth
    81 | D        | Noticed a floating eye
    82 | D        | Noticed a wolf
    95 | D        | Paralysed by a floating eye for 4 turns
   104 | D        | Killed a floating eye
   105 | D        | Reached skill level 12 in Stealth
   105 | D        | Reached XP level 2. HP: 16/16 MP: 3/3
   105 | D        | Reached XP level 3. HP: 19/19 MP: 4/4
   105 | D        | Reached XP level 4. HP: 23/23 MP: 5/5
   140 | D        | Killed a wolf
   141 | D        | Reached skill level 14 in Stealth
   141 | D        | Reached XP level 5. HP: 11/28 MP: 6/6
   518 | D        | Noticed a sky beast
   518 | D        | Noticed a wolf
   518 | D        | Noticed a necrophage
   520 | D        | Reached skill level 5 in Dodging
   528 | D        | Killed a sky beast
   529 | D        | Reached skill level 15 in Stealth
   529 | D        | Reached XP level 6. HP: 32/32 MP: 7/7
   532 | D        | Reached skill level 5 in Short Blades
   532 | D        | Reached skill level 16 in Stealth
   565 | D        | Reached skill level 17 in Stealth
   705 | D        | Reached skill level 1 in Long Blades
   705 | D        | Reached XP level 7. HP: 26/38 MP: 8/8
   821 | D        | Noticed a sea snake
   825 | D        | Slain by a sea snake

Illustrated notes

Levels and vault maps discovered:
D:        pitsprint [storerooms_1, entrance_room_1, metal_vault_4, armoury_1,
          mini_pit_1, grid_room_1, main_hall_1, silver_pit, the_coven_3,
          the_vestibule_1, steel_vault_4, golden_pit, hallway_of_sentries,
          crystal_vault_1, iron_vault_5, final_vault]

Skill      XL: |  1  2  3  4  5  6  7 |
---------------+----------------------+-----
Stealth        | 12 14 15 17 | 17.6
Fighting       | 2 3 4 |  4.5
Short Blades   | 3 4 5 6 |  6.0
Dodging        | 4 5 6 |  6.9
Throwing       | 3 4 |  4.4
Long Blades    | 1 |  1.2

Action                   |  1- 3 |  4- 6 |  7- 9 || total
-------------------------+-------+-------+-------++-------
Melee: Dagger            |    13 |    24 |     4 ||    41
       Long sword        |       |    13 |       ||    13
Throw: Dart              |     2 |    16 |       ||    18
       Stone             |       |     2 |       ||     2
  Use: Potion            |       |     1 |       ||     1
 Stab: Sleeping          |     4 |       |     1 ||     5
       Distracted        |       |     2 |       ||     2
Armor: Robe              |     2 |     3 |       ||     5
Dodge: Dodged            |     5 |    52 |       ||    57
       Rpst.: Long sword |       |     3 |       ||     3
